 Dungeon Crawl Stone Soup version 0.29.1-2-gbd0b4ee654 (webtiles) character file.

Game seed: 8755335110390757185

1151 Ivernyr the Trooper (level 8, -1/42 HPs)
             Began as a Vine Stalker Fighter on Oct 29, 2022.
             Slain by a killer bee (4 damage)
             ... on level 5 of the Dungeon.
             The game lasted 00:08:29 (5391 turns).

Ivernyr the Trooper (Vine Stalker Fighter)          Turns: 5391, Time: 00:08:29

Health: -1/42      AC: 10    Str: 19    XL:     8   Next: 38%
Magic:  0/9        EV: 10    Int:  8    God:
Gold:   201        SH:  5    Dex: 16    Spells: 7/7 levels left

rFire   . . .      SeeInvis .   a - +0 long sword
rCold   . . .      Faith    .   c - +0 buckler
rNeg    . . .      Spirit   +   b - +0 scale mail
rPois   .          Reflect  .   h - +0 helmet
rElec   .          Harm     .   t - +0 cloak
rCorr   .          Rampage  .   (no gloves)
Will    +....                   w - +0 pair of boots
Stlth   ..........              (no amulet)
HPRegen 0.94/turn               (no ring)
MPRegen 0.11/turn               (no ring)

@: lethally poisoned (-1 -> -6)
A: fangs 3, regeneration 1, magic shield, antimagic bite, no potion heal 2
a: no special abilities


You were on level 5 of the Dungeon.
You visited 2 branches of the dungeon, and saw 7 of its levels.

You collected 201 gold pieces.

Inventory:

Hand Weapons
 a - a +0 long sword (weapon)
Armour
 b - a +0 scale mail (worn)
 c - a +0 buckler (worn)
 h - a +0 helmet (worn)
 t - a +0 cloak (worn)
 w - a +0 pair of boots (worn)
Jewellery
 l - a +6 ring of dexterity
Wands
 u - a wand of flame (14)
Scrolls
 f - a scroll of blinking
 n - 2 scrolls of identify
 q - a scroll of enchant armour {unknown}
 s - 2 scrolls of fear {unknown}
 v - 2 scrolls of enchant weapon {unknown}
Potions
 d - a potion of might
 g - a potion of brilliance {unknown}
 i - 3 potions of mutation {unknown}
 j - a potion of haste {unknown}
 k - a potion of degeneration {unknown}
 m - 4 potions of lignification {unknown}
 o - 2 potions of heal wounds {unknown}
 p - a potion of resistance {unknown}
 r - a potion of attraction {unknown}
 x - a potion of magic {unknown}


   Skills:
 + Level 4.7 Fighting
 + Level 4.3 Long Blades
 + Level 4.3 Armour
 + Level 3.3 Dodging
 + Level 4.7 Shields


You had 7 spell levels left.
You didn't know any spells.
Your spell library contained the following spells:

 Spells                   Type           Power      Damage    Failure   Level
 Inner Flame              Hex/Fire       0%         N/A       99%         3
 Cause Fear               Hex            0%         N/A       100%        4
 Discord                  Hex            0%         N/A       100%        8


Dungeon Overview and Level Annotations

Branches:
Dungeon (6/15)             Temple (1/1) D:4

Altars:
Cheibriados
Fedhas
Gozag
Hepliaklqana
Kikubaaqudgha
Nemelex Xobeh
Okawaru
Trog
Xom
Zin
The Shining One

Shops:
D:1 *[

Annotations:
D:4 1 transporter, rendel's ghost, amateur OgBe


Innate Abilities, Weirdness & Mutations

You have razor-sharp teeth.
Your natural rate of healing is unusually fast.
When hurt, damage is shared between your health and your magic reserves.
Your bite disrupts and absorbs the magic of your enemies.
Potions cannot restore your health.


Message History

You block the killer bee's attack.
The killer bee stings you but does no damage.
The killer bee closely misses you.
You miss the killer bee.
The killer bee is lightly wounded.
You feel sick.
The killer bee stings you but does no damage.
You block the killer bee's attack. The killer bee closely misses you.
The killer bee misses you.
Unknown command.
You miss the killer bee. Your bite misses the killer bee.
The killer bee is lightly wounded.
You feel sick. The killer bee stings you. The killer bee barely misses you.
The killer bee closely misses you. You block the killer bee's attack. x2
The killer bee stings you but does no damage.
Unknown command.
You closely miss the killer bee. Your bite misses the killer bee.
You feel sick. The killer bee barely misses you.
The killer bee completely misses you. The killer bee barely misses you. x2
Unknown command.
Okay, then.
You hit the killer bee.
The killer bee is moderately wounded.
You feel sick.
You are no longer poisoned.
The killer bee stings you but does no damage. x2
The killer bee stings you.
* * * LOW HITPOINT WARNING * * *
You are poisoned.
The killer bee poisons you! The killer bee closely misses you.
You miss the killer bee. Your bite misses the killer bee.
The killer bee is moderately wounded.
You feel very sick. The killer bee stings you.
* * * LOW HITPOINT WARNING * * *
You are more poisoned.
The killer bee poisons you! The killer bee stings you.
* * * LOW HITPOINT WARNING * * *
The killer bee stings you.
You die...

###.##.##### #.#
.......# #.###
###.#### #...# #.#
###.# #
#.##############
#.#
###..............#
#.#
.###############.#
#.# ## #y# ###.# #
#@# #...# #y#
#.### #.# #.# #.#
#.# #.# #.# #.#
#.#
###############.#
#.#
#...............#
#.#
#.###############
#.#


You could see 2 killer bees.

Vanquished Creatures
  Prince Ribbit (D:5)
  Sigmund (D:1)
  A black bear (D:5)
  2 ogres
  2 scorpions (D:5)
  2 killer bees
  3 hounds
  Natasha (twice) (D:3)
  4 gnolls (D:5)
  8 adders
  An ufetubus (D:5)
  A worm (D:2)
  A dart slug (D:3)
  2 orcs
  9 endoplasms
  2 giant cockroaches
  7 goblins
  10 hobgoblins
  6 jackals
  2 quokkas
  8 ball pythons
  5 bats
  4 frilled lizards
  5 kobolds
  2 rats (D:1)
91 creatures vanquished.

Vanquished Creatures (others)
  8 plants (D:3)
8 creatures vanquished.

Grand Total: 99 creatures vanquished

Notes
Turn   | Place    | Note
-------+----------+-------------------------------------------
     0 | D:1      | Ivernyr the Vine Stalker Fighter began the quest for the
                  | Orb.
     0 | D:1      | Reached XP level 1. HP: 11/11 MP: 2/2
   358 | D:1      | Reached XP level 2. HP: 14/16 MP: 3/3
   669 | D:1      | Found Latar's Assorted Antiques.
  1080 | D:1      | Found Dalep's Armour Boutique.
  1086 | D:1      | Reached XP level 3. HP: 17/19 MP: 2/4
  1462 | D:2      | Noticed Sigmund
  1467 | D:1      | Killed Sigmund
  1468 | D:1      | Reached skill level 1 in Dodging
  1468 | D:1      | Gained mutation: Your natural rate of healing is unusually
                  | fast. [Vine Stalker growth]
  1468 | D:1      | Reached XP level 4. HP: 12/24 MP: 2/5
  1468 | D:1      | Reached XP level 5. HP: 14/28 MP: 2/6
  1703 | D:2      | Found an ancient bone altar of Kikubaaqudgha.
  1793 | D:2      | Found a faded altar of an unknown god.
  1893 | D:2      | Reached XP level 6. HP: 32/32 MP: 7/7
  2408 | D:3      | Identified the +8 dagger "Vyijel" {flame, rElec rPois rN+
                  | Str-3}
  2561 | D:3      | Noticed Natasha
  2569 | D:3      | Killed Natasha
  2577 | D:3      | Noticed Natasha
  2585 | D:3      | Killed Natasha
  3939 | D:4      | Reached XP level 7. HP: 30/37 MP: 6/8
  4179 | D:4      | Found a transporter.
  4181 | D:4      | Noticed rendel's ghost (amateur OgBe)
  4197 | D:4      | Found a staircase to the Ecumenical Temple.
  4206 | Temple   | Entered the Ecumenical Temple
  4425 | D:5      | Entered Level 5 of the Dungeon
  4799 | D:5      | Noticed Prince Ribbit
  4817 | D:5      | Killed Prince Ribbit
  4818 | D:5      | Gained mutation: You have razor-sharp teeth. [Vine Stalker
                  | growth]
  4818 | D:5      | Reached XP level 8. HP: 16/42 MP: 5/9
  5391 | D:5      | Slain by a killer bee

Illustrated notes

Levels and vault maps discovered:
D:1:      psy_arrival_terrarium, layout_basic, serial_shops,
          nicolae_diamond_shop, nicolae_shop_trees
D:2:      layout_rooms, basic_altar, hellmonk_ecumenical_altar_blasted,
          minivault_11, corexii_leaking_fountain, uniq_sigmund
D:3:      layout_loops_ring, chequers_hall_statues_wall_a, serial_bayou_pond_c,
          kennysheep_small_spiral, uniq_natasha
D:4:      layout_basic, temple_hall, gammafunk_ghost_smash
D:5:      layout_loops_ring, uniq_prince_ribbit1
D:6:      layout_cave_pools, mainiacjoe_overflow_catwalk,
          kennysheep_small_circle, uniq_maggie, uniq_edmund
Temple:   chequers_temple_sunken

Skill      XL: |  1  2  3  4  5  6  7 |
---------------+----------------------+-----
Long Blades    | 2 3 4 |  4.3
Fighting       | 3 4 |  4.7
Armour         | 3 4 |  4.3
Dodging        | 1 2 3 |  3.3
Shields        | 3 4 |  4.7

Action                   |  1- 3 |  4- 6 |  7- 9 || total
-------------------------+-------+-------+-------++-------
Melee: Long sword        |    69 |   125 |   101 ||   295
       Bite              |    13 |    33 |    40 ||    86
  Use: Scroll            |       |       |     2 ||     2
       Potion            |       |       |     1 ||     1
Armor: Scale mail        |    32 |    57 |    63 ||   152
Dodge: Dodged            |    29 |    72 |    88 ||   189
Block: Buckler           |    16 |    31 |    31 ||    78
